 Seeded DCSS version 0.31-a0-344-gd109795599 (webtiles) character file.

Game seed: 8049200169454021912 (custom seed)

47 CInkIbrahim the Shield-Bearer (level 3, 29/29 HPs)
             Began as a Formicid Fighter on July 22, 2023.
             Quit the game on level 1 of the Dungeon.
             The game lasted 00:00:42 (526 turns).

CInkIbrahim the Shield-Bearer (Formicid Fighter)     Turns: 526, Time: 00:00:43

Health: 29/29      AC:  6    Str: 22    XL:     3   Next: 97%
Magic:  3/3        EV:  9    Int:  7    God:
Gold:   44         SH:  5    Dex: 13    Spells: 2/2 levels left

rFire   . . .        a - +0 trident
rCold   . . .        c - +0 buckler
rNeg    . . .        b - +0 scale mail
rPois   .            (helmet unavailable)
rElec   .            (no cloak)
rCorr   .            (no gloves)
SInv    +            (no boots)
Will    .....        (no amulet) Stlth
                     (no ring)
HPRegen 0.24/turn    (no ring)
MPRegen 0.08/turn

%: no passive effects
@: no status effects
A: permanent stasis, dig shafts and tunnels, antennae 3, four strong arms
a: Dig, Shaft Self


You were on level 1 of the Dungeon.
You visited 1 branch of the dungeon, and saw 1 of its levels.

You collected 44 gold pieces.

Inventory:

Hand Weapons
 a - a +0 trident (weapon)
Armour
 b - a +0 scale mail (worn)
 c - a +0 buckler (worn)
Potions
 d - a potion of might
 e - a potion of brilliance {unknown}
 f - a potion of magic {unknown}


   Skills:
 - Level 3.2 Fighting
 + Level 3.9 Polearms
 - Level 3.2 Armour
 - Level 4.0 Shields


You had 2 spell levels left.
You didn't know any spells.
Your spell library was empty.

Dungeon Overview and Level Annotations

Branches:
Dungeon (1/15)

Altars:


Innate Abilities, Weirdness & Mutations

You cannot be hasted, slowed, berserked, paralysed or teleported.
You can dig through walls and to a lower floor.
You have a pair of large antennae on your head. (SInv)
Your four strong arms can wield two-handed weapons with a shield.


Message History

The rat barely misses you.
A rat is nearby!
You closely miss the rat.
The rat bites you but does no damage. x2
A rat is nearby!
You puncture the rat!
You kill the rat!
Found 6 stones.
No target in view!
Things that are here:
a +0 club; a goblin skeleton
Things that are here:
a +0 short sword; a +0 dagger
Things that are here:
a +0 short sword; a +0 dagger
There is an escape hatch in the floor here.
A bat comes into view.
The bat hits you but does no damage.
A bat is nearby!
You hit the bat.
You kill the bat!
You see here a bat corpse.
Found a stone staircase leading down.
No target in view!
Done exploring.
No target in view!
Done exploring.
No target in view!
Done exploring.
No target in view!
Done exploring.
No target in view!
Search for what [? for help]? altar You see here a bat corpse.
You see here a +0 mace.
You enter the shallow water.
Moving in this stuff is going to be slow.
There is a faded altar of an unknown god here.
This altar belongs to (a) Okawaru, (b) Elyvilon or (c) Ashenzari, but you can't tell which.
Press the corresponding letter to learn more about a god, or press enter to convert or escape to cancel.
Okay, then.
Are you sure you want to abandon this character and quit the game? (Confirm with "yes".)

....#...# ##................##
....###.##
##.#####.##..##...##
....###..###)#.....#...#######
##...###.##.)~.....~..##
###..##...#~.~...~.~#.##
#####..##÷#..~.~.~.~..#.#
.....#..#.#...~.≈.~...#.#
####.##.#.#...~≈.≈~...#.#
####.##...#...~≈@≈~...#.#
......##..#..~.~≈~.~..#.#
###.#.#....#~~~~.~~~~#.##
#.........#..~.~..#.##
#####.)....#.#.~)~.#...##
......##......##.##...>.##
.#########...............#
###### ## ###.............#
#..... ##..#.........# #.....


There were no monsters in sight!

Vanquished Creatures
  A gnoll (D:1)
  2 ball pythons (D:1)
  3 bats (D:1)
  An endoplasm (D:1)
  3 giant cockroaches (D:1)
  4 hobgoblins (D:1)
  4 jackals (D:1)
  5 kobolds (D:1)
  2 quokkas (D:1)
  A frilled lizard (D:1)
  4 goblins (D:1)
  A rat (D:1)
31 creatures vanquished.

Notes
Turn   | Place    | Note
-------+----------+-------------------------------------------
     0 | D:1      | CInkIbrahim the Formicid Fighter began the quest for the
                  | Orb.
     0 | D:1      | Reached XP level 1. HP: 18/18 MP: 1/1
    53 | D:1      | Reached XP level 2. HP: 24/24 MP: 2/2
    54 | D:1      | Found a faded altar of an unknown god.
   182 | D:1      | Reached XP level 3. HP: 29/29 MP: 3/3
   526 | D:1      | Quit the game

Illustrated notes

Levels and vault maps discovered:
D:1:      lightli_arrival_boilingwater, layout_rooms,
          shapermc_ecumenical_altar_starsandcircs

Skill      XL: |  1  2 |
---------------+-------+-----
Polearms       | 3 |  3.9
Fighting       | |  3.2
Armour         | |  3.2
Shields        | |  4.0

Action                     || total
---------------------------++-------
  Melee: Trident           ||    90
 Armour: Scale mail        ||    34
  Dodge: Dodged            ||    32
  Block: Buckler           ||    23

Table legend: (Time is in decaauts)
 A = Elapsed time spent in this place.
 B = Non-inter-level travel time spent in this place.
 C = Inter-level travel time spent in this place.
 D = Time resting spent in this place.
 E = Time spent auto-exploring this place.
 F = Levels seen in this place.
 G = Mean time per level.
                   A        B        C        D        E       F      G
               +--------+--------+--------+--------+--------+-----+--------+
         Total |    551 |    526 |     25 |      0 |    353 |   1 |  551.0 |
       Dungeon |    551 |    526 |     25 |      0 |    353 |   1 |  551.0 |
               +--------+--------+--------+--------+--------+-----+--------+

Top non-repeatable levels by time:
     D:1: 551 daAuts
